Map: Eternal Empire LE

Players

redHat

  • Race: Protoss Protoss
  • League: Gold
  • Spawn Location: 1:00

ViBE - Winner!

  • Race: Terran Terran
  • League: Silver
  • Spawn Location: 7:00

VOD

Have the link to the VOD?

Description

Time

  • Played on: Dec. 6, 2019, 7:39 p.m.
  • Length: 17:32
Show
View Real Time Build Order
Export as new Build Order

redHat Protoss 

Build Orders: Oracle Opening 

Get SALT Encoding   

  12  0:01  Probe  
  13  0:17  Pylon  
  13  0:20  Probe  
  14  0:35  Gateway  
  14  0:37  Probe (Chrono Boost)  
  15  0:48  Probe (Chrono Boost)  
  16  0:50  Assimilator  
  16  0:53  Probe (Chrono Boost)  
  17  1:04  Probe  
  18  1:08  Gateway  
  18  1:16  Probe  
  19  1:25  Cybernetics Core  
  19  1:44  Zealot  
  19  1:45  Probe (Chrono Boost)  
  22  1:52  Assimilator  
  22  1:55  Probe (Chrono Boost)  
  22  2:00  Warp Gate (Chrono Boost)  
  22  2:01  Pylon  
  22  2:19  Zealot  
  24  2:29  Nexus  
  24  2:41  Stargate  
  24  2:51  Zealot  
  26  3:00  Stalker  
  26  3:05  Probe  
  29  3:17  Probe  
  30  3:29  Probe  
  31  3:39  Oracle (Chrono Boost)  
  31  3:41  Probe x2  
  36  3:52  Stalker  
  36  3:53  Probe x2  
  36  3:55  Stalker  
  42  4:05  Probe x2  
  44  4:17  Probe  
  45  5:18  Probe (Chrono Boost)  
  46  5:23  Assimilator x2  
  46  5:31  Pylon  
  46  5:33  Pylon  
  46  5:35  Pylon  
  46  5:49  Probe, Void Ray  
  51  5:57  Nexus  
  49  5:58  Fleet Beacon  
  49  6:01  Probe  
  50  6:13  Stargate  
  50  6:14  Probe (Chrono Boost)  
  51  6:22  Pylon  
  51  6:24  Probe (Chrono Boost)  
  52  6:29  Probe (Chrono Boost), Void Ray (Chrono Boost)  
  57  6:37  Probe (Chrono Boost)  
  58  6:46  Probe (Chrono Boost)  
  60  6:47  Probe (Chrono Boost)  
  60  6:52  Probe x2 (Chrono Boost)  
  58  6:58  Tempest  
  56  7:01  Unknown  
  56  7:04  Probe x2  
  56  7:05  Void Ray  
  62  7:13  Pylon  
  62  7:14  Gateway  
  60  7:16  Probe, Gateway  
  60  7:21  Stargate  
  61  7:25  Zealot x2  
  67  7:30  Probe (Chrono Boost)  
  67  7:31  Assimilator  
  67  7:33  Probe (Chrono Boost)  
  67  7:36  Assimilator  
  67  7:39  Probe (Chrono Boost)  
  67  7:41  Void Ray  
  72  7:47  Void Ray  
  76  7:56  Probe  
  76  7:58  Probe  
  78  7:59  Protoss Air Weapons Level 1  
  78  8:02  Pylon  
  78  8:08  Probe  
  78  8:10  Probe  
  78  8:11  Void Ray  
  84  8:17  Forge  
  84  8:20  Probe  
  84  8:22  Probe  
  86  8:28  Cybernetics Core  
  86  8:31  Void Ray  
  86  8:32  Probe  
  91  8:39  Void Ray  
  95  8:45  Probe  
  95  8:47  Shield Battery  
  96  8:58  Void Ray  
  100  9:10  Probe (Chrono Boost)  
  100  9:13  Void Ray  
  105  9:18  Stalker  
  105  9:19  Probe (Chrono Boost)  
  108  9:24  Probe (Chrono Boost), Pylon  
  108  9:25  Pylon  
  108  9:28  Pylon  
  108  9:30  Pylon  
  109  9:37  Pylon  
  109  9:38  Pylon  
  109  9:42  Tempest  
  109  9:43  Void Ray  
  118  9:54  Pylon  
  118  9:55  Pylon  
  118  9:56  Tempest, Probe (Chrono Boost)  
  118  9:57  Pylon  
  124  10:06  Probe (Chrono Boost)  
  125  10:11  Probe (Chrono Boost)  
  126  10:17  Robotics Facility  
  126  10:18  Robotics Facility  
  126  10:27  Tempest  
  126  10:28  Protoss Air Armor Level 1  
  131  10:34  Protoss Air Weapons Level 2  
  131  10:38  Zealot  
  131  10:39  Zealot  
  119  12:04  Tempest x2, Void Ray  
  119  12:07  Zealot x2  
  119  12:08  Zealot x2  
  141  12:11  Observer x2  
  143  12:31  Forge  
  143  12:32  Observer  
  144  12:38  Twilight Council  
  144  12:41  Gateway  
  140  12:44  Nexus  
  140  12:45  Gateway  
  140  12:46  Void Ray  
  140  12:47  Pylon, Void Ray x2  
  140  12:50  Pylon  
  142  12:52  Pylon  
  142  12:54  Pylon  
  142  12:57  Assimilator  
  105  13:01  Assimilator  
  97  13:19  Zealot  
  85  13:20  Zealot x2  
  76  13:27  Dark Shrine  
  65  13:47  Zealot x3  
  65  13:48  Zealot x3  
  75  14:02  Photon Cannon  
  75  14:03  Photon Cannon  
  75  14:04  Photon Cannon x3  
  75  14:06  Pylon  
  46  14:29  Nexus  
  24  14:40  Dark Templar x3  
  24  14:41  Dark Templar  
  32  14:52  Probe (Chrono Boost)  
  33  15:00  Pylon  
  33  15:01  Probe (Chrono Boost)  
  33  15:02  Pylon  
  33  15:05  Assimilator  
  33  15:06  Probe (Chrono Boost)  
  34  15:09  Assimilator  
  34  15:13  Dark Templar  
  37  15:14  Dark Templar x2  
  37  15:18  Probe (Chrono Boost)  
  41  15:30  Probe (Chrono Boost)  
  41  15:35  Probe (Chrono Boost)  
  42  15:44  Probe  
  43  15:57  Probe  
  35  16:25  Probe (Chrono Boost)  
  34  16:32  Gateway  
  34  16:34  Gateway  
  34  16:35  Probe (Chrono Boost)  
  34  16:36  Gateway  
  34  16:39  Gateway  
  34  16:40  Probe (Chrono Boost)  
  34  16:42  Forge  
  35  16:51  Probe (Chrono Boost)  
  37  16:57  Probe (Chrono Boost)  
  37  17:01  Probe (Chrono Boost)  
  38  17:05  Pylon  
  38  17:06  Probe (Chrono Boost)  
  37  17:17  Probe  
Show
View Real Time Build Order
Export as new Build Order

ViBE Terran - Winner!

Build Orders: 2 Factory 

Get SALT Encoding   

  12  0:00  SCV  
  13  0:13  SCV  
  14  0:18  Supply Depot  
  14  0:25  SCV  
  15  0:39  SCV  
  16  0:46  Barracks  
  16  0:50  Refinery  
  16  0:51  SCV  
  17  1:04  SCV  
  18  1:16  SCV  
  20  1:33  Orbital Command  
  20  1:38  Refinery  
  19  1:56  Factory  
  19  2:00  SCV  
  20  2:09  Supply Depot  
  20  2:12  SCV, Barracks Tech Lab  
  21  2:21  Command Center  
  21  2:27  SCV  
  22  2:39  SCV  
  23  2:47  Siege Tank  
  26  2:53  Factory  
  26  2:55  Barracks Reactor  
  26  2:59  SCV  
  27  3:11  SCV  
  28  3:19  Siege Tank  
  31  3:31  Supply Depot  
  31  3:33  SCV  
  32  3:37  Orbital Command  
  32  3:45  SCV  
  32  3:47  Engineering Bay  
  33  3:49  Hellion  
  33  3:51  Siege Tank, Hellion  
  40  3:57  SCV  
  41  4:03  Armory  
  41  4:04  SCV  
  41  4:09  SCV  
  43  4:15  Missile Turret  
  43  4:20  Orbital Command  
  45  4:31  Siege Tank, Hellion x2  
  45  4:33  SCV  
  51  4:44  Command Center  
  48  4:54  Missile Turret  
  48  5:03  Siege Tank  
  47  5:09  Hellion  
  47  5:10  SCV x2, Hellion  
  47  5:12  Terran Vehicle Weapons Level 1  
  50  5:23  SCV  
  50  5:26  SCV  
  52  5:36  SCV  
  52  5:38  SCV  
  54  5:55  Thor, SCV  
  61  6:00  Orbital Command  
  61  6:02  Hellion  
  61  6:03  Hellion  
  65  6:05  SCV  
  65  6:07  SCV  
  67  6:11  Supply Depot  
  67  6:17  SCV  
  68  6:20  SCV  
  68  6:21  Supply Depot  
  69  6:32  SCV x3  
  72  6:33  Hellion x2  
  72  6:36  Orbital Command  
  76  6:52  Orbital Command  
  74  6:54  SCV  
  75  7:06  Refinery, SCV  
  75  7:08  Refinery  
  76  7:13  Thor  
  82  7:17  Refinery  
  82  7:20  Refinery  
  83  7:22  SCV  
  83  7:23  SCV x2  
  85  7:34  SCV  
  85  7:35  SCV x2  
  88  7:37  Supply Depot  
  88  7:38  Terran Vehicle Weapons Level 2  
  88  7:47  SCV x3  
  88  7:50  Command Center  
  91  7:56  Supply Depot  
  91  7:59  SCV x3  
  91  8:00  Supply Depot  
  94  8:11  SCV x3  
  97  8:16  Supply Depot x2  
  97  8:20  Supply Depot  
  97  8:23  Supply Depot  
  97  8:25  Factory x3  
  97  8:27  Thor  
  97  8:29  Factory  
  103  8:40  SCV x3  
  106  8:43  Supply Depot  
  108  8:48  Hellion  
  108  8:49  Hellion  
  108  8:53  SCV x2  
  108  8:54  SCV  
  113  9:10  Thor  
  113  9:16  Command Center, Factory Reactor, Factory Tech Lab x2  
  113  9:17  Factory Tech Lab  
  119  9:21  Hellion  
  119  9:22  Hellion  
  123  9:26  SCV x2  
  123  9:27  SCV  
  126  9:38  SCV x2  
  128  9:39  SCV  
  128  9:40  Armory  
  128  9:41  Thor x2  
  141  9:50  Planetary Fortress  
  141  9:52  Missile Turret, SCV x2  
  143  9:54  SCV  
  143  9:58  Supply Depot  
  143  9:59  Supply Depot  
  144  10:04  SCV x2  
  144  10:06  SCV  
  147  10:07  Thor  
  147  10:13  Thor  
  159  10:20  Supply Depot  
  159  10:21  Hellion x4  
  167  10:26  Thor  
  173  10:31  Command Center  
  173  10:35  SCV x3  
  176  10:41  Refinery  
  176  10:42  Refinery, Thor  
  182  10:44  Hellion x2  
  182  10:45  Hellion  
  182  10:49  Hellion  
  190  10:50  Thor  
  196  11:01  Smart Servos, Infernal Pre-Igniter  
  180  11:16  SCV  
  180  11:17  SCV x2  
  183  11:20  Command Center  
  183  11:26  Missile Turret x3  
  183  11:27  Missile Turret x2  
  183  11:28  Missile Turret x2  
  183  11:29  Missile Turret x2  
  183  11:30  Neosteel Armor  
  183  11:39  Missile Turret  
  183  11:43  SCV x3  
  177  11:55  SCV x3  
  173  12:07  Missile Turret, SCV x3  
  176  12:08  Missile Turret  
  176  12:09  Missile Turret  
  176  12:10  Missile Turret x3  
  176  12:18  Terran Vehicle And Ship Armor Level 1, Terran Vehicle Weapons Level 3  
  176  12:19  SCV x3  
  179  12:29  Command Center  
  179  12:31  SCV x3  
  182  12:37  Planetary Fortress, Missile Turret  
  182  12:42  Missile Turret x2  
  182  12:43  SCV x2  
  182  12:44  Missile Turret  
  174  12:48  SCV  
  171  12:54  Thor  
  171  12:55  SCV x2  
  163  12:58  Thor  
  163  13:00  SCV  
  163  13:02  Thor  
  174  13:06  Refinery x2  
  174  13:07  Thor  
  174  13:10  Hi-Sec Auto Tracking  
  174  13:11  Planetary Fortress  
  176  13:17  Missile Turret  
  176  13:29  Hellion  
  176  13:30  Hellion x3  
  184  13:36  Thor  
  184  13:38  Missile Turret  
  190  13:41  Thor  
  190  13:43  Command Center  
  190  13:45  Hellion  
  198  13:51  Hellion  
  200  13:57  Factory x2  
  200  13:58  Missile Turret, Factory x3  
  200  13:59  Factory  
  200  14:00  Factory  
  200  14:01  Factory  
  200  14:21  Missile Turret  
  200  14:22  Missile Turret  
  200  14:23  Missile Turret  
  200  14:27  Terran Vehicle And Ship Armor Level 2  
  200  14:58  Command Center  
  200  15:00  Factory Reactor x3  
  200  15:01  Factory Tech Lab x2  
  200  15:02  Factory Tech Lab x3  
  200  15:37  Planetary Fortress  
  200  15:54  Missile Turret  
  200  15:55  Missile Turret  
  200  15:56  Thor x3  
  200  15:58  Thor  
  200  16:02  Planetary Fortress, Missile Turret  
  200  16:03  Missile Turret  
  192  16:05  Missile Turret  
  192  16:06  Refinery  
  192  16:08  Refinery  
  192  16:09  Missile Turret  
  166  16:18  Thor x4  
  170  16:19  Thor  
  170  16:20  Hellion x10  
  170  16:21  Missile Turret x2  
  170  16:22  Missile Turret x2  
  160  16:35  Command Center  
  160  16:39  Hellion, Unknown  
  162  16:41  Missile Turret  
  162  16:42  Missile Turret  
  162  16:44  Missile Turret  
  162  16:45  Missile Turret  
  160  16:52  Unknown  
  160  16:53  Hellion  
  160  16:54  Hellion x4  
  186  16:57  Hellion x2  
Tags
 
Add a new tag
Caveats
  • Supply blocks, unpowered buildings, or Contaminate may cause inaccurate times.
  • Supply counts are checked every 10 seconds.